 Dungeon Crawl Stone Soup version 0.31-a0-841-g038b102fc3 (webtiles) character file.

Game seed: 5312433870577539226

16 javelincjr the Ruffian (level 2, -1/23 HPs)
             Began as a Draconian Shapeshifter on Sept 27, 2023.
             Slain by a gnoll
             ... wielding a +0 flail
              (5 damage)
             ... on level 1 of the Dungeon.
             The game lasted 00:00:31 (233 turns).

javelincjr the Ruffian (Draconian Shapeshifter)      Turns: 233, Time: 00:00:32

Health: -1/23      AC:  4    Str: 16    XL:     2   Next: 37%
Magic:  2/2        EV:  9    Int: 10    God:
Gold:   9          SH:  0    Dex: 10    Spells: 1/1 levels left

rFire   . .          .
                       - Unarmed
rCold   . . .        (no shield)
rNeg    . . .        (body armour unavailable)
rPois   .            (helmet currently unavailable)
rElec   .            (cloak currently unavailable)
rCorr   .            (gloves currently unavailable)
SInv    .            (boots currently unavailable)
Will    .....        (no amulet)
Stlth   +            (no ring)
HPRegen 0.23/turn    (no ring)
MPRegen 0.08/turn

%: no passive effects
@: beast-form, constricted
A: beast (slay +1), AC +4, unfitting armour, cold-blooded
a: Begin Untransformation


You were on level 1 of the Dungeon.
You were a hulking beast.
You visited 1 branch of the dungeon, and saw 1 of its levels.

You collected 9 gold pieces.

Inventory:

Talismans
 b - a beast talisman (active)
 c - a flux talisman
Potions
 a - a potion of lignification
 d - a potion of enlightenment {unknown}
 e - a potion of attraction {unknown}
 f - a potion of curing {unknown}


   Skills:
 + Level 1.6 Fighting
 + Level 2.0 Dodging
 + Level 3.2 Unarmed Combat
 + Level 3.1 Shapeshifting


You had one spell level left.
You didn't know any spells.
Your spell library contained the following spells:

 Spells                   Type           Power      Damage    Failure   Level
 Inner Flame              Hex/Fire       0%         N/A       75%         3
 Ozocubu's Armour         Ice            0%         N/A       75%         3
 Yara's Violent Unravell  Hex/Tmut       0%         3d3       100%        5
 Enfeeble                 Hex            0%         N/A       100%        7
 Ozocubu's Refrigeration  Ice            0%         4d7       100%        7


Dungeon Overview and Level Annotations

Branches:
Dungeon (1/15)

Altars:


Innate Abilities, Weirdness & Mutations

You are a hulking beast.
Your limbs bulge with bestial killing power. (Slay +1)
Your plain brown scales are hard. (AC +4)
You cannot fit into any form of body armour.
You are cold-blooded and may be slowed by cold attacks.


Message History

You hit the quokka.
You kill the quokka!
No target in view!
No target in view!
There is an open door, spattered with blood here.
You see here a quokka corpse.
A dart slug comes into view.
The dart slug launches a dart at you. The slug dart hits you.
A ball python comes into view.
Found 3 stones.
You hit the dart slug. You tail-slap the dart slug.
The dart slug is moderately wounded.
The dart slug bites you but does no damage.
You hit the dart slug.
The dart slug is severely wounded.
The ball python closely misses you. The ball python grabs you.
The ball python constricts you.
You hit the ball python.
You kill the ball python!
The dart slug barely misses you.
You hit the dart slug.
You kill the dart slug!
No target in view!
No target in view!
A gnoll comes into view. It is wielding a +0 flail.
The gnoll shouts!
You hear an angry hiss.
You see here a dart slug corpse.
A ball python comes into view.
The gnoll hits you with a +0 flail!
You closely miss the gnoll. The gnoll hits you with a +0 flail!
* * * LOW HITPOINT WARNING * * *
You are too injured to fight recklessly!
You are too injured to fight recklessly!
You hit the gnoll.
The gnoll is moderately wounded.
The ball python bites you but does no damage.
The ball python grabs you. The ball python constricts you.
The gnoll hits you with a +0 flail.
You die...

#### ####### #...
.....### #... .....#
#...
#######.#†###########...
......S..†..........†...
###.##h#.###########...
......g.(...... ..#...
####......##### #.#...
######## #>#... #..(..
#..### #..#.. #.....
#.†).#


You could see a gnoll and a ball python.

Vanquished Creatures
  A dart slug (D:1)
  An endoplasm (D:1)
  A giant cockroach (D:1)
  3 quokkas (D:1)
  2 ball pythons (D:1)
  3 bats (D:1)
  A frilled lizard (D:1)
  A goblin (D:1)
  A kobold (D:1)
14 creatures vanquished.

Notes
Turn   | Place    | Note
-------+----------+-------------------------------------------
     0 | D:1      | javelincjr the Draconian Shapeshifter began the quest for
                  | the Orb.
     0 | D:1      | Reached XP level 1. HP: 16/16 MP: 1/1
   146 | D:1      | Reached XP level 2. HP: 14/23 MP: 2/2
   233 | D:1      | Slain by a gnoll

Illustrated notes

Levels and vault maps discovered:
D:1:      kennysheep_arrival_seaside, layout_basic

Skill      XL: |  1 |
---------------+----+-----
Dodging        | 2 |  2.0
Fighting       | |  1.6
Unarmed Combat | |  3.2
Shapeshifting  | |  3.1

Action                     || total
---------------------------++-------
  Melee: Unarmed           ||    35
         Tailslap          ||     6
 Armour: Skin              ||    26
  Dodge: Dodged            ||    18

Table legend: (Time is in decaauts)
 A = Elapsed time spent in this place.
 B = Non-inter-level travel time spent in this place.
 C = Inter-level travel time spent in this place.
 D = Time resting spent in this place.
 E = Time spent auto-exploring this place.
 F = Levels seen in this place.
 G = Mean time per level.
                   A        B        C        D        E       F      G
               +--------+--------+--------+--------+--------+-----+--------+
         Total |    231 |    231 |      0 |      0 |    170 |   1 |  231.0 |
       Dungeon |    231 |    231 |      0 |      0 |    170 |   1 |  231.0 |
               +--------+--------+--------+--------+--------+-----+--------+

Top non-repeatable levels by time:
     D:1: 231 daAuts
